[Event "8. Arber-Schachopen 2019"]
[Site "Bodenmais"]
[Date "2019.08.04"]
[Round "9.16"]
[White "Hoffmann, Tim"]
[Black "Kolb, Wolfgang"]
[Result "1-0"]
[ECO "B12"]
[WhiteElo "2147"]
[BlackElo "2099"]
[Annotator "ChessBase"]
[PlyCount "115"]
[EventDate "2019.07.27"]
[EventCountry "GER"]
[SourceTitle "playchess.com"]
[Source "ChessBase"]
[SourceQuality "1"]
[TimeControl "40/5400+30:1800+30"]

1. e4 c6 2. d4 d5 3. e5 c5 4. dxc5 Nc6 5. Nf3 Bg4 6. c3 e6 7. Be3 Bxf3 8. Qxf3 Nxe5 9. Bb5+ Nc6 10. O-O Nge7 11. c4 a6 12. Ba4 Qa5 13. Nc3 Rd8 14. Rad1 dxc4 15. Rxd8+ Qxd8 16. Rd1 Qc8 17. Rd6 f6 18. Ne4 Nd5 19. Qh3 f5 20. Bg5 fxe4 21. Rxe6+ Be7 22. Qf5 Qd7 23. Qxe4 Kf7 24. Bxe7 Ndxe7 25. Rd6 Qf5 26. Qxc4+ Ke8 27. h3 Qe5 28. Qd3 Qe1+ 29. Kh2 Qe5+ 30. g3 Kf8 31. Rd8+ Nxd8 32. Qxd8+ Kf7 33. Bb3+ Kg6 34. Qxh8 Qxc5 35. Qe8+ Kh6 36. Qf8 Qe5 37. Kg2 Ng6 38. Qf3 b6 39. Bc2 Ne7 40. Be4 Qxb2 41. Qe3+ g5 42. h4 Qf6 43. hxg5+ Qxg5 44. Qxb6+ Kg7 45. Qxa6 Qe5 46. Qd3 Ng6 47. a4 Qg5 48. Qd7+ Kh6 49. Qd6 Qa5 50. Qc6 Qb4 51. Bf3 Qe1 52. Qb6 Kg7 53. a5 Ne5 54. Qb7+ Kh6 55. a6 Nd3 56. Qc6+ Kg5 57. Qd5+ Ne5 58. a7 1-0

[Event "8. Arber-Schachopen 2019"]
[Site "Bodenmais"]
[Date "2019.08.04"]
[Round "9.17"]
[White "Fuchs, Michael"]
[Black "Eggeling, Philipp"]
[Result "0-1"]
[ECO "B10"]
[WhiteElo "2114"]
[BlackElo "1869"]
[Annotator "NA"]
[PlyCount "52"]
[EventDate "2019.07.27"]
[EventCountry "GER"]
[SourceTitle "playchess.com"]
[Source "ChessBase"]
[SourceQuality "1"]
[TimeControl "40/5400+30:1800+30"]

1. e4 c6 2. Nc3 d5 3. Nf3 dxe4 4. Nxe4 Bf5 5. Ng3 Bg6 6. Bc4 e6 7. Ne5 Bd6 8. d4 Bxe5 9. dxe5 Qa5+ 10. c3 Qxe5+ 11. Be3 Nf6 12. O-O Nbd7 13. Re1 Qc7 14. f4 O-O 15. Qf3 Nb6 16. Bb3 Nbd5 17. Bd2 Rad8 18. c4 Ne7 19. Bc3 Rd3 20. Re3 Qb6 21. c5 Qxc5 22. Bb4 Qxe3+ 23. Qxe3 Rxe3 24. Bxe7 Re8 25. Bc5 Rd3 26. Bxa7 Ra8 0-1

[Event "8. Arber-Schachopen 2019"]
[Site "Bodenmais"]
[Date "2019.08.04"]
[Round "9.18"]
[White "Brandsma, Romayn"]
[Black "Schmahl, Stephan"]
[Result "1/2-1/2"]
[ECO "C06"]
[WhiteElo "1957"]
[BlackElo "2101"]
[Annotator "NA"]
[PlyCount "23"]
[EventDate "2019.07.27"]
[EventCountry "GER"]
[SourceTitle "playchess.com"]
[Source "ChessBase"]
[SourceQuality "1"]
[TimeControl "40/5400+30:1800+30"]

1. e4 e6 2. d4 d5 3. Nd2 Nf6 4. e5 Nfd7 5. Bd3 c5 6. c3 Nc6 7. Ne2 cxd4 8. cxd4 f6 9. exf6 Nxf6 10. O-O Bd6 11. Nf3 O-O 12. Bf4 1/2-1/2

[Event "8. Arber-Schachopen 2019"]
[Site "Bodenmais"]
[Date "2019.08.04"]
[Round "9.19"]
[White "Bielmeier, Ludwig"]
[Black "Albrecht, Manuel"]
[Result "1-0"]
[ECO "A14"]
[WhiteElo "2083"]
[BlackElo "1833"]
[Annotator "NA"]
[PlyCount "121"]
[EventDate "2019.07.27"]
[EventCountry "GER"]
[SourceTitle "playchess.com"]
[Source "ChessBase"]
[SourceQuality "1"]
[TimeControl "40/5400+30:1800+30"]

1. g3 d5 2. Bg2 Nf6 3. c4 e6 4. Nf3 Be7 5. O-O O-O 6. Qc2 dxc4 7. Qxc4 a6 8. Qc2 Nc6 9. Nc3 Bd7 10. Rd1 Qc8 11. d4 Nb4 12. Qb1 c5 13. dxc5 Bxc5 14. a3 Nbd5 15. Nxd5 Nxd5 16. Ng5 Nf6 17. b4 Ba4 18. Bb2 Bxd1 19. bxc5 Qxc5 20. Bxf6 Bc2 21. Qxb7 gxf6 22. Nxf7 Rab8 23. Nh6+ Kh8 24. Qd7 Qh5 25. Qd2 Rb1+ 26. Rxb1 Bxb1 27. Bf3 Qc5 28. Qb2 Bg6 29. Ng4 e5 30. h4 h5 31. Ne3 e4 32. Bg2 Qb5 33. Qd4 Qc6 34. Qb4 Rc8 35. Kh2 Qc5 36. Qb2 Qc3 37. Qb7 Qc6 38. Qe7 Re8 39. Qa7 Ra8 40. Qd4 Re8 41. Bh3 Re5 42. Bd7 Qc5 43. Qb2 Qc7 44. Bh3 Kg7 45. Qb4 Rc5 46. Bg2 a5 47. Qd4 Qc6 48. Bh3 Rc3 49. Qa7+ Qc7 50. Qa6 Rxe3 51. fxe3 f5 52. Qb5 Kf6 53. Qb2+ Kf7 54. Kg2 Qc5 55. Kf2 Qc7 56. Qb5 Kf6 57. Qd5 Ke7 58. Bxf5 Bxf5 59. Qxf5 Qc6 60. Qxa5 Qf6+ 61. Kg2 1-0

[Event "8. Arber-Schachopen 2019"]
[Site "Bodenmais"]
[Date "2019.08.04"]
[Round "9.20"]
[White "Weisheit, Erik"]
[Black "Schwenkreis, Thomas"]
[Result "1-0"]
[ECO "C41"]
[WhiteElo "1862"]
[BlackElo "2048"]
[Annotator "NA"]
[PlyCount "115"]
[EventDate "2019.07.27"]
[EventCountry "GER"]
[SourceTitle "playchess.com"]
[Source "ChessBase"]
[SourceQuality "1"]
[TimeControl "40/5400+30:1800+30"]

1. e4 e5 2. Nf3 d6 3. d4 Nf6 4. dxe5 Nxe4 5. Qd5 Nc5 6. Bg5 f6 7. exf6 gxf6 8. Bh4 Qe7+ 9. Be2 Be6 10. Qd4 Bg7 11. Nc3 O-O 12. O-O-O Qf7 13. Rhe1 Nc6 14. Qf4 Ne5 15. Nxe5 dxe5 16. Qb4 b6 17. Kb1 a5 18. Qa3 Rfd8 19. f4 e4 20. Nb5 Bf8 21. Qg3+ Kh8 22. Rxd8 Rxd8 23. Bh5 Qe7 24. Nxc7 Bg7 25. Nxe6 Qxe6 26. a3 Rc8 27. f5 Qc6 28. Qc3 Rf8 29. Bf2 Qd5 30. Qh3 Qd2 31. Bg6 Bh6 32. Qh4 Kg7 33. Be3 Qxe1+ 34. Qxe1 Bxe3 35. Qxe3 hxg6 36. b4 axb4 37. axb4 Na4 38. Qg3 g5 39. h4 e3 40. Qxe3 gxh4 41. Qd4 Rf7 42. Qg4+ Kf8 43. Qxh4 Nc3+ 44. Kb2 Nd5 45. Kb3 Ne7 46. Qf2 Nc8 47. Qd4 Kg7 48. g4 b5 49. g5 Ne7 50. g6 Nxf5 51. Qf4 Re7 52. Qxf5 Re5 53. Qg4 Rg5 54. Qf4 Kxg6 55. c4 bxc4+ 56. Qxc4 f5 57. b5 Rg1 58. Qg8+ 1-0

[Event "8. Arber-Schachopen 2019"]
[Site "Bodenmais"]
[Date "2019.08.04"]
[Round "9.21"]
[White "Gruettner, Ralf"]
[Black "Vennemann, Juergen"]
[Result "1-0"]
[ECO "B13"]
[WhiteElo "2118"]
[BlackElo "1925"]
[Annotator "NA"]
[PlyCount "81"]
[EventDate "2019.07.27"]
[EventCountry "GER"]
[SourceTitle "playchess.com"]
[Source "ChessBase"]
[SourceQuality "1"]
[TimeControl "40/5400+30:1800+30"]

1. e4 c6 2. d4 d5 3. exd5 cxd5 4. c4 Nf6 5. Nc3 Nc6 6. Bg5 Be6 7. Nf3 g6 8. Bxf6 exf6 9. c5 Bg7 10. Bb5 O-O 11. h3 Re8 12. O-O g5 13. Nh2 f5 14. Bxc6 bxc6 15. b4 Qf6 16. Nf3 Qg6 17. Re1 Bd7 18. Qd2 h6 19. Rxe8+ Rxe8 20. Re1 Re4 21. Nxe4 fxe4 22. Ne5 Bxe5 23. dxe5 Qf5 24. Qd4 Kf8 25. Re3 a6 26. Ra3 Bc8 27. Re3 Ke7 28. a4 Ke6 29. f3 Qxe5 30. Qxe5+ Kxe5 31. fxe4 dxe4 32. Rb3 Kd4 33. Rb1 e3 34. b5 axb5 35. axb5 cxb5 36. Rxb5 Kc3 37. c6 Ba6 38. Ra5 e2 39. Kf2 Kd2 40. Re5 f6 41. Re7 1-0

[Event "8. Arber-Schachopen 2019"]
[Site "Bodenmais"]
[Date "2019.08.04"]
[Round "9.22"]
[White "Jergler, Karl-Heinz"]
[Black "Peglau, Mirjam"]
[Result "1-0"]
[ECO "B12"]
[WhiteElo "2094"]
[BlackElo "1759"]
[Annotator "NA"]
[PlyCount "83"]
[EventDate "2019.07.27"]
[EventCountry "GER"]
[SourceTitle "playchess.com"]
[Source "ChessBase"]
[SourceQuality "1"]
[TimeControl "40/5400+30:1800+30"]

1. e4 c6 2. d4 d5 3. e5 Bf5 4. Nf3 e6 5. Be2 Nd7 6. O-O h6 7. Nbd2 Bh7 8. Re1 Ne7 9. Nf1 Nf5 10. Ne3 Qb6 11. Nxf5 Bxf5 12. c3 c5 13. Bd3 Bg4 14. Be2 Rc8 15. Qa4 c4 16. Nh4 Bxe2 17. Rxe2 Be7 18. Nf3 a6 19. Be3 Qc6 20. Qc2 b5 21. a3 Nb6 22. Ree1 O-O 23. Nd2 a5 24. Qd1 b4 25. axb4 axb4 26. Qg4 Kh7 27. Nf3 Na4 28. Qh5 Nxb2 29. g4 f5 30. exf6 Rxf6 31. g5 Rxf3 32. Qxf3 hxg5 33. Ra7 Rc7 34. Rea1 bxc3 35. Rxc7 Qxc7 36. Ra8 Kg6 37. Rh8 Nd3 38. Qh5+ Kf5 39. Qf7+ Ke4 40. Qxe6+ Ne5 41. dxe5 Qxe5 42. f3+ 1-0

[Event "8. Arber-Schachopen 2019"]
[Site "Bodenmais"]
[Date "2019.08.04"]
[Round "9.24"]
[White "Navarro Gevers, Daniel"]
[Black "Mattes, Heinz"]
[Result "0-1"]
[ECO "A45"]
[WhiteElo "1813"]
[BlackElo "1953"]
[Annotator "NA"]
[PlyCount "62"]
[EventDate "2019.07.27"]
[EventCountry "GER"]
[SourceTitle "playchess.com"]
[Source "ChessBase"]
[SourceQuality "1"]
[TimeControl "40/5400+30:1800+30"]

1. d4 Nf6 2. Bg5 e6 3. e4 Be7 4. Bd3 d5 5. e5 Nfd7 6. Be3 c5 7. Qg4 g6 8. c3 Nc6 9. Nd2 Qb6 10. b3 cxd4 11. cxd4 Qb4 12. Qf4 Qc3 13. Rd1 Qxd3 14. Ndf3 Bb4+ 15. Bd2 Qe4+ 16. Qxe4 dxe4 17. Ng5 Nxd4 18. Nxe4 Nc2+ 19. Kf1 Nxe5 20. Bh6 Nd7 21. Nf3 Be7 22. g3 Nb4 23. a3 Nd5 24. b4 N7f6 25. Nc5 b6 26. Nb3 Bb7 27. Kg2 Ng4 28. Bg7 Rg8 29. Bb2 Bf6 30. Bxf6 Ndxf6 31. Rhe1 Nxh2 0-1

[Event "8. Arber-Schachopen 2019"]
[Site "Bodenmais"]
[Date "2019.08.04"]
[Round "9.25"]
[White "Simacek, Vaclav"]
[Black "Fruehe, Norbert"]
[Result "0-1"]
[ECO "C29"]
[WhiteElo "1809"]
[BlackElo "1936"]
[Annotator "NA"]
[PlyCount "80"]
[EventDate "2019.07.27"]
[EventCountry "GER"]
[SourceTitle "playchess.com"]
[Source "ChessBase"]
[SourceQuality "1"]
[TimeControl "40/5400+30:1800+30"]

1. e4 e5 2. Nc3 Nf6 3. f4 d5 4. exd5 Nxd5 5. fxe5 Qh4+ 6. g3 Nxc3 7. gxh4 Nxd1 8. Kxd1 Nc6 9. Nf3 Bg4 10. Be2 O-O-O 11. Rf1 Bxf3 12. Rxf3 Nxe5 13. Rg3 Rd4 14. h5 Rh4 15. Rg2 f5 16. d3 f4 17. Rg5 f3 18. Rxe5 fxe2+ 19. Rxe2 Bd6 20. Be3 Rxh5 21. Kd2 Rxh2 22. Rxh2 Bxh2 23. Bd4 Bf4+ 24. Kc3 Rg8 25. Re1 Kd7 26. Re4 Bd6 27. Rg4 g6 28. Rg2 g5 29. Kd2 h5 30. Ke2 h4 31. Rg4 h3 32. Kf1 Rf8+ 33. Kg1 Rf4 34. Rxf4 Bxf4 35. c4 a6 36. b4 Ke6 37. a4 Kf5 38. Bc3 g4 39. b5 g3 40. Bd4 Kg4 0-1